 Dungeon Crawl Stone Soup version 0.16-a0-328-gfd822c7 (webtiles) character file.

4832 Ratboiler the Martial Artist (level 10, -2/66 HPs)
             Began as an Octopode Transmuter on Sept 6, 2014.
             Was an Initiate of Gozag.
             Slain by an orc warrior
             ... wielding a +0 scimitar
              (19 damage)
             ... on Level 1 of the Orcish Mines.
             The game lasted 00:55:47 (15954 turns).

Ratboiler the Martial Artist (Octopode Transmuter) Turns: 15954, Time: 00:55:47

HP  -2/66        AC  5     Str  9      XL: 10   Next: 49%
MP   7/16        EV 24     Int 17      God: Gozag
Gold 682         SH  0     Dex 18 (20) Spells:  4 memorised,  2 levels left

rFire  . . .     SeeInvis .       - Unarmed
rCold  . . .     Clarity  +     I - melded +3 buckler {AC+3} (curse)
rNeg   . . .     rCorr    .     (helmet currently unavailable)
rPois  x         rRot     .     v - amulet of clarity
rElec  .         Spirit   .     A - +3 ring of protection
SustAb .         Warding  .     (no ring)
rMut   .         Stasis   .     (no ring)
Gourm  .                        (no ring)
MR     .....                    (no ring)
                                (no ring)
                                (no ring)
                                (no ring)

@: spider-form, very slightly contaminated, not resistant to hostile
enchantments, unstealthy
A: almost no armour, amphibious, 8 rings, (constrict 8), (camouflage 0),
(gelatinous body 0)
a: End Transformation, Potion Petition, Call Merchant, Bribe Branch, Renounce
Religion


You were on level 1 of the Orcish Mines.
You worshipped Gozag.
Gozag was noncommittal.
You were hungry.
You were in spider-form.
You visited 3 branches of the dungeon, and saw 13 of its levels.

You collected 1486 gold pieces.
You paid 804 gold pieces to Gozag.

Inventory:

Hand weapons
 b - a cursed +3 blowgun
 j - a +2 short sword of venom
Missiles
 f - an arrow of flame
 x - 2 javelins of penetration
 B - 217 arrows
 C - 20 poisoned needles
 J - 16 javelins
Armour
 I - a cursed +3 buckler of protection (melded)
Magical devices
 m - a wand of cold (6)
 u - a wand of digging (13)
 y - a wand of cold (6)
 H - a wand of enslavement (14)
 K - a wand of polymorph (5)
 N - a wand of disintegration (5)
Comestibles
 a - 4 bread rations
Scrolls
 e - 2 scrolls of recharging
 l - 3 scrolls of amnesia
 n - 2 scrolls of remove curse
 p - 2 scrolls of random uselessness
 r - a scroll of enchant armour
 w - a scroll of vulnerability
 G - a scroll of teleportation
Jewellery
 v - an amulet of clarity (around neck)
 A - a +3 ring of protection (left front leg)
Potions
 g - a potion of heal wounds {unknown}
 k - a potion of agility {unknown}
 o - 2 potions of might {unknown}
 q - a potion of confusion {unknown}
 s - a potion of resistance {unknown}
 t - 3 potions of restore abilities {unknown}
 z - 2 potions of haste {unknown}
 D - a potion of poison {unknown}
 E - a potion of cure mutation {unknown}
 F - a potion of beneficial mutation {unknown}
 O - a potion of berserk rage {unknown}
Books
 d - a book of Changes

   Spells                             Type                      Level
   *Beastly Appendage                 Transmutation                1
   *Sticks to Snakes                  Transmutation                2
   *Spider Form                       Transmutation/Poison         3
   Ice Form                           Ice/Transmutation            4
   *Blade Hands                       Transmutation                5
 i - a book of Transfigurations

   Spells                             Type                      Level
   Stoneskin                          Transmutation/Earth          2
   Ice Form                           Ice/Transmutation            4
   Statue Form                        Transmutation/Earth          6
   Dragon Form                        Transmutation                7


   Skills:
 + Level 5.4 Fighting
 + Level 5.4 Dodging
 - Level 5.0 Shields
 + Level 10.9 Unarmed Combat
 - Level 2.0 Spellcasting
 * Level 6.1 Transmutations


You had 2 spell levels left.
You knew the following spells:

 Your Spells              Type           Power        Failure   Level  Hunger
a - Beastly Appendage     Trmt           ###...       6%          1    #......
b - Sticks to Snakes      Trmt           ###.......   10%         2    ###....
c - Spider Form           Trmt/Pois      ##........   36%         3    ####...
d - Blade Hands           Trmt           ###.......   67%         5    ######.


Dungeon Overview and Level Annotations

Branches:
Dungeon (10/15)            Temple (1/1) D:4             Orc (2/4) D:10
   Lair: D:8-11

Altars:
Ashenzari
Cheibriados
Dithmenos
Elyvilon
Fedhas
Gozag
Kikubaaqudgha
Makhleb
Nemelex Xobeh
Okawaru
Trog
Yredelemnul
Zin

Shops:
D:5 *   D:7 [   D:8 (   D:11 =

Annotations:
D:4 Sigmund
D:8 Joseph
D:10 Erolcha


Innate Abilities, Weirdness & Mutations

You cannot wear most types of armour.
You are amphibious.
You can wear up to eight rings at the same time.
((You can use your tentacles to constrict many enemies at once.))
((Your skin changes colour to match your surroundings (Stealth).))
((Your rubbery body absorbs attacks (AC +1).))


Message History

You hit the orc warrior.
The orc warrior is heavily wounded.
The orc completely misses you.
You hit the orc warrior.
The orc warrior is poisoned.
The orc warrior is heavily wounded.
The orc warrior hits you with a scimitar!
* * * LOW HITPOINT WARNING * * *
The orc hits you but does no damage.
You bite the orc warrior!
The orc warrior looks even sicker.
The orc warrior is almost dead.
The orc warrior hits you with a scimitar.
* * * LOW HITPOINT WARNING * * *
You hit the orc warrior.
The orc warrior is almost dead.
The orc completely misses you. The orc barely misses you.
You hit the orc warrior but do no damage.
The orc warrior is almost dead.
The orc warrior hits you with a scimitar!!
You die...
Your body crumbles into a pile of gold.

......#. ####
....... $ #...
... #..# #..# $
. #..+ $ ...
#..+ $.....#oo#
$ $ ......#os#
......#..o.....#
... ####++#### .


You could see an orc warrior and 3 orcs.

Vanquished Creatures
  Psyche (D:8)
  2 deep elf magi (D:9)
  A hippogriff (D:9)
  A water moccasin (D:9)
  2 ice beasts
  4 slaves (D:9)
  3 orc warriors
  A black bear (D:9)
  2 sky beasts
  2 phantoms
  2 ogres
  4 centaurs
  A wyvern zombie (D:9)
  3 giant frogs
  A hippogriff zombie (D:8)
  2 scorpions
  2 yak skeletons
  4 killer bees
  A vampire bat (D:8)
  A quasit (D:10)
  3 wights (D:6)
  2 crimson imps
  3 goliath beetles
  8 orc priests
  7 hounds
  4 jellies
  A gnoll shaman (D:9)
  12 orc wizards
  5 worker ants
  2 iguanas
  An ogre zombie (D:9)
  A sky beast zombie (D:7)
  2 ogre skeletons
  A mummy (D:10)
  A hound skeleton (D:9)
  2 worker ant zombies
  4 gnolls (D:9)
  12 adders
  2 shadow imps (D:10)
  5 worms
  2 orc skeletons
  An adder zombie (D:5)
  6 giant geckos
  An ooze (D:2)
  34 orcs
  4 bat skeletons (D:8)
  2 bat zombies (D:8)
  6 giant cockroaches
  20 hobgoblins
  18 jackals
  4 quokkas
  A ball python (D:4)
  9 bats
  A giant gecko zombie (D:6)
  4 giant newts
  A giant spore (D:9)
  9 goblins
  16 kobolds
  A kobold zombie (D:5)
  15 rats
  A rat skeleton (D:8)
  7 ballistomycetes
281 creatures vanquished.

Vanquished Creatures (collateral kills)
  Blork the orc (D:8)
  A mummy (D:7)
  A jackal (D:3)
3 creatures vanquished.

Vanquished Creatures (others)
  3 giant spores
  A ballistomycete (D:8)
4 creatures vanquished.

Grand Total: 288 creatures vanquished

Notes
Turn   | Place    | Note
--------------------------------------------------------------
     0 | D:1      | Ratboiler, the Octopode Transmuter, began the quest for the Orb.
     0 | D:1      | Reached XP level 1. HP: 13/13 MP: 3/3
   339 | D:1      | Found a sparkling altar of Nemelex Xobeh.
   482 | D:1      | Reached XP level 2. HP: 16/18 MP: 4/4
   486 | D:1      | Learned a level 2 spell: Sticks to Snakes
  1538 | D:1      | Reached skill level 4 in Unarmed Combat
  1665 | D:1      | Reached XP level 3. HP: 23/23 MP: 4/6
  1670 | D:1      | Learned a level 3 spell: Spider Form
  1872 | D:2      | Reached XP level 4. HP: 17/28 MP: 0/7
  2116 | D:2      | Reached skill level 5 in Unarmed Combat
  2838 | D:2      | Reached XP level 5. HP: 22/33 MP: 7/9
  3650 | D:3      | Found a basalt altar of Yredelemnul.
  3791 | D:3      | Noticed an ogre
  3915 | D:3      | Killed an ogre
  3915 | D:3      | Reached skill level 6 in Unarmed Combat
  4240 | D:3      | Found a bloodstained altar of Trog.
  4507 | D:3      | Reached XP level 6. HP: 38/38 MP: 10/10
  4714 | D:4      | Noticed Sigmund
  5405 | D:4      | Found a staircase to the Ecumenical Temple.
  5414 | Temple   | Entered the Ecumenical Temple
  5435 | Temple   | Became a worshipper of Gozag Ym Sagoz the Greedy
  6618 | D:5      | Entered Level 5 of the Dungeon
  6680 | D:5      | Reached XP level 7. HP: 13/43 MP: 9/12
  7223 | D:5      | Reached skill level 5 in Transmutations
  7619 | D:5      | Found a glowing silver altar of Zin.
  7628 | D:5      | Found Zin's Purification Station.
  8235 | D:6      | Reached skill level 7 in Unarmed Combat
  8282 | D:6      | Reached XP level 8. HP: 27/48 MP: 10/13
  8837 | D:6      | Learned a level 5 spell: Blade Hands
  8866 | D:6      | Reached skill level 8 in Unarmed Combat
  9885 | D:7      | Found Adofaut's Antique Armour Shoppe.
 10080 | D:7      | Found a glowing silver altar of Zin.
 10100 | D:7      | Reached skill level 9 in Unarmed Combat
 10315 | D:7      | Found a shattered altar of Ashenzari.
 11508 | D:7      | Reached skill level 10 in Unarmed Combat
 11704 | D:7      | Reached XP level 9. HP: 46/53 MP: 12/14
 11834 | D:8      | Noticed Psyche
 11873 | D:8      | Noticed Joseph
 12273 | D:8      | Found Miussuoz's Antique Weapon Boutique.
 12504 | D:8      | Found an ancient bone altar of Kikubaaqudgha.
 12665 | D:8      | Noticed Blork the orc
 12703 | D:8      | Killed Psyche
 12830 | D:8      | Killed Blork the orc
 13165 | D:9      | Found a blossoming altar of Fedhas.
 13330 | D:9      | Reached skill level 1 in Shields
 13522 | D:9      | Reached XP level 10. HP: 34/64 MP: 12/16
 14057 | D:9      | Reached skill level 5 in Dodging
 14687 | D:9      | Reached skill level 5 in Fighting
 14776 | D:10     | Entered Level 10 of the Dungeon
 14779 | D:10     | Noticed Erolcha
 15206 | D:9      | Reached skill level 5 in Shields
 15553 | D:10     | Found a staircase to the Orcish Mines.
 15576 | Orc:1    | Entered Level 1 of the Orcish Mines
 15954 | Orc:1    | Slain by an orc warrior

Action                   |  1- 3 |  4- 6 |  7- 9 | 10-12 || total
-------------------------+-------+-------+-------+-------++-------
Melee: Unarmed           |    75 |   167 |   352 |   186 ||   780
 Fire: Blowgun           |       |       |    39 |       ||    39
Throw: Stone             |       |     2 |     1 |       ||     3
       Javelin           |       |       |     1 |       ||     1
 Cast: Beastly Appendage |     9 |    22 |    17 |    13 ||    61
       Spider Form       |     1 |     8 |    37 |    13 ||    59
       Sticks to Snakes  |       |     7 |    16 |       ||    23
       Blade Hands       |       |       |     2 |     3 ||     5
Invok: Call Merchant     |       |       |       |     1 ||     1
Evoke: Wand              |       |       |     3 |     2 ||     5
  Use: Scroll            |       |     2 |    17 |     6 ||    25
       Potion            |       |     1 |     4 |     1 ||     6
 Stab: Sleeping          |     2 |     3 |     5 |       ||    10
       Distracted        |       |     1 |     2 |       ||     3
       Invisible         |       |       |     2 |       ||     2
  Eat: Chunk             |     3 |    13 |       |       ||    16
       Bread ration      |       |     1 |     1 |     2 ||     4
       Beef jerky        |       |     1 |     1 |       ||     2
       Fruit             |       |       |     5 |     3 ||     8
       Meat ration       |       |       |     4 |       ||     4
